 Dungeon Crawl Stone Soup version 0.27-a0-1325-g58a489ad9e (webtiles) character file.

Game seed: 523182706239766670

863 kae the Cleaver (level 8, -1/73 HPs)
             Began as a Hill Orc Fighter on June 24, 2021.
             Slain by a neqoxec (2 damage)
             ... on level 1 of the Abyss.
             The game lasted 00:01:55 (3918 turns).

kae the Cleaver (Hill Orc Fighter)                  Turns: 3918, Time: 00:01:55

Health: -1/73      AC: 13    Str: 21    XL:     8   Next: 2%
Magic:  0/8        EV:  7    Int:  8    God:
Gold:   177        SH:  9    Dex: 10    Spells: 7/7 levels left

rFire    . . .     SeeInvis .   a - +1 war axe (protect)
rCold    . . .     Faith    .   c - +0 kite shield
rNeg     . . .     Spirit   .   b - +0 scale mail
rPois    .         Reflect  .   (no helmet)
rElec    .         Harm     .   (no cloak)
rCorr    .         Rampage  .   (no gloves)
Will     .....                  (no boots)
Stlth    ..........             (no amulet)
HPRegen  0.00/turn              (no ring)
MPRegen  0.11/turn              (no ring)

@: mighty, under a protective aura, diseased
A: no striking features
a: no special abilities


You were on level 1 of the Abyss.
You visited 1 branch of the dungeon, and saw 4 of its levels.
You visited the Abyss 1 time.

You collected 177 gold pieces.

Inventory:

Hand Weapons
 a - a +1 war axe of protection (weapon)
Armour
 b - a +0 scale mail (worn)
 c - a +0 kite shield (worn)
Jewellery
 h - a ring of magical power
Wands
 m - a wand of digging (4)
 p - a wand of flame (28)
Scrolls
 i - 2 scrolls of enchant weapon
Potions
 f - 2 potions of degeneration
 g - a potion of attraction
 j - a potion of cancellation
 l - a potion of curing


   Skills:
 + Level 7.0 Fighting
 * Level 9.7 Axes
 - Level 3.2 Armour
 - Level 3.2 Shields


You had 7 spell levels left.
You didn't know any spells.
Your spell library contained the following spells:

 Spells                   Type           Power      Damage    Failure   Level
 Beastly Appendage        Tmut           0%         N/A       99%         1
 Sandblast                Erth           0%         2d4       99%         1
 Passwall                 Tmut/Erth      0%         N/A       100%        2
 Wereblood                Tmut           0%         N/A       100%        2
 Spider Form              Tmut/Pois      0%         N/A       100%        3
 Stone Arrow              Conj/Erth      0%         3d7       100%        3
 Ice Form                 Ice/Tmut       0%         N/A       100%        4
 Petrify                  Tmut/Erth      0%         N/A       100%        4
 Lee's Rapid Deconstruct  Erth           0%         3d5*      100%        5


Dungeon Overview and Level Annotations

Branches:
Dungeon (4/15)
 Temple: D:4-7

Altars:

Annotations:
D:4 diceflayer's ghost, amateur MiBe


Message History

You block the ancient zyme's attack.
You feel ill.
You feel much better. The ancient zyme hits you.
You block the ancient zyme's attack.
Okay, then.
You feel very mighty all of a sudden. The ancient zyme hits you. x2
You slice the ancient zyme!!
You destroy the ancient zyme!
Your Fighting skill increases to level 7!
You have reached level 8!
A neqoxec comes into view.
Found a potion of curing.
The neqoxec shouts!
A mana viper comes into view.
The mana viper hisses angrily.
You feel much better. The mana viper bites you!
You feel your power leaking away.
You closely miss the neqoxec. You hit the mana viper.
Your weapon exudes an aura of protection.
The neqoxec hits you.
The mana viper bites you but does no damage.
The neqoxec hits you!
The mana viper bites you but does no damage.
You barely miss the neqoxec. You hit the mana viper.
The mana viper completely misses you.
The neqoxec hits you but does no damage.
You hit the neqoxec.
The neqoxec is lightly wounded.
You slash the mana viper!
The mana viper bites you but does no damage.
The neqoxec hits you but does no damage.
The mana viper bites you!
* * * LOW HITPOINT WARNING * * *
You slash the neqoxec!
The neqoxec is severely wounded.
You miss the mana viper. The mana viper bites you.
* * * LOW HITPOINT WARNING * * *
The neqoxec hits you.
You die...

##... .. ## ....###
. .#.....# .. ..
..⌠.#... .# #..
.......# . #. .
#.......#####.#....
.# '''##..@3.#.!..
....#....#.#S..#...
# ###......#..#....
#########.## .## ..
. .# .. ..


You could see a mana viper and a neqoxec.

Vanquished Creatures
  An ancient zyme (Abyss:1)
  2 black bears (D:4)
  An ice beast (D:4)
  An ogre (D:3)
  A vampire bat (D:3)
  An orc wizard (D:4)
  A hound skeleton (D:4)
  4 adders
  3 worms
  8 dart slugs
  3 fire bats (D:3)
  8 orcs
  2 spectral bats (D:3)
  3 bat skeletons (D:3)
  A bat zombie (D:3)
  5 endoplasms
  2 giant cockroaches
  5 goblins
  4 hobgoblins
  11 jackals
  6 quokkas
  5 ball pythons (D:3)
  13 bats
  A bat simulacrum (D:3)
  5 kobolds
  4 rats (D:2)
101 creatures vanquished.

Notes
Turn   | Place    | Note
-------+----------+-------------------------------------------
     0 | D:1      | kae the Hill Orc Fighter began the quest for the Orb.
     0 | D:1      | Reached XP level 1. HP: 19/19 MP: 1/1
    61 | D:1      | Reached skill level 3 in Axes
   186 | D:1      | Reached XP level 2. HP: 27/27 MP: 2/2
   475 | D:1      | Found a faded altar of an unknown god.
   492 | D:1      | Found a faded altar of an unknown god.
   865 | D:2      | Reached skill level 4 in Axes
   865 | D:2      | Reached XP level 3. HP: 25/33 MP: 3/3
  1587 | D:3      | Reached skill level 5 in Axes
  1587 | D:3      | Reached XP level 4. HP: 36/41 MP: 4/4
  1604 | D:3      | Reached XP level 5. HP: 36/47 MP: 5/5
  1835 | D:3      | Reached skill level 5 in Fighting
  1835 | D:3      | Reached skill level 6 in Axes
  2430 | D:3      | Reached XP level 6. HP: 49/56 MP: 6/6
  2763 | D:4      | Noticed a black bear
  2771 | D:3      | Reached skill level 7 in Axes
  2919 | D:4      | Killed a black bear
  3106 | D:4      | Noticed a black bear
  3111 | D:4      | Killed a black bear
  3112 | D:4      | Reached skill level 8 in Axes
  3112 | D:4      | Reached XP level 7. HP: 56/63 MP: 7/7
  3392 | D:4      | Found a runed translucent gate.
  3392 | D:4      | Found a runed translucent gate.
  3392 | D:4      | Noticed diceflayer's ghost (amateur MiBe)
  3394 | D:4      | Found a runed translucent gate.
  3651 | D:4      | Reached skill level 9 in Axes
  3857 | D:4      | Cast into level 1 of the Abyss (kobold)
  3857 | Abyss:1  | Found a corrupted altar of Lugonu.
  3880 | Abyss:1  | Noticed an ancient zyme
  3908 | Abyss:1  | Killed an ancient zyme
  3909 | Abyss:1  | Reached XP level 8. HP: 25/73 MP: 8/8
  3912 | Abyss:1  | Noticed a mana viper
  3918 | Abyss:1  | HP: 1/73 [mana viper (5)]
  3918 | Abyss:1  | Slain by a neqoxec

Illustrated notes

Levels and vault maps discovered:
D:1:      psy_arrival_fountain, layout_loops_ring,
          hellmonk_ecumenical_altar_the_god_not_taken, minmay_fountain_box
D:2:      layout_rooms
D:3:      layout_basic, goddamned_bats
D:4:      layout_loops_ring, gammafunk_ghost_nasty_kobolds
Abyss:1:  base:
D:1

Skill      XL: |  1  2  3  4  5  6  7 |
---------------+----------------------+-----
Axes           | 3 4 5 6 8 9 |  9.7
Fighting       | 4 5 6 7 |  7.0
Armour         | |  3.2
Shields        | |  3.2

Action                   |  1- 3 |  4- 6 |  7- 9 || total
-------------------------+-------+-------+-------++-------
Melee: War axe           |    94 |   119 |    69 ||   282
  Use: Scroll            |     5 |     3 |     4 ||    12
       Potion            |       |       |     4 ||     4
 Stab: Distracted        |     1 |       |       ||     1
Armor: Scale mail        |    58 |    90 |    30 ||   178
       Skin              |       |       |     7 ||     7
Dodge: Dodged            |    43 |    64 |    19 ||   126
Block: Kite shield       |    53 |    90 |    35 ||   178

Table legend: (Time is in decaauts)
 A = Elapsed time spent in this place.
 B = Non-inter-level travel time spent in this place.
 C = Inter-level travel time spent in this place.
 D = Time resting spent in this place.
 E = Time spent auto-exploring this place.
 F = Levels seen in this place.
 G = Mean time per level.
                   A        B        C        D        E       F      G
               +--------+--------+--------+--------+--------+-----+--------+
         Total |   4039 |   4012 |     27 |    160 |   3205 |   5 |  807.8 |
       Dungeon |   3974 |   3947 |     27 |    137 |   3205 |   4 |  993.5 |
         Abyss |     65 |     65 |      0 |     23 |      0 |   1 |   65.0 |
               +--------+--------+--------+--------+--------+-----+--------+

Top non-repeatable levels by time:
     D:3: 1575 daAuts
     D:4: 980 daAuts
     D:1: 786 daAuts
     D:2: 631 daAuts
 Abyss:1: 65 daAuts
